 Dungeon Crawl Stone Soup version 0.29-a0-563-g64e4043184 (webtiles) character file.

Game seed: 15024022038855626495

5248 jlumianski the Cleaver (level 10, -3/63 HPs)
             Began as a Gargoyle Fighter on June 12, 2022.
             Was a Follower of Qazlal.
             Slain by a two-headed ogre
             ... wielding a +0 giant club
              (12 damage)
             ... on level 8 of the Dungeon.
             The game lasted 00:33:51 (10684 turns).

jlumianski the Cleaver (Gargoyle Fighter)          Turns: 10684, Time: 00:33:52

Health: -3/63      AC: 21    Str: 37    XL:     10   Next: 62%
Magic:  13/13      EV: 11    Int:  8    God:    Qazlal [*.....]
Gold:   471        SH:  7    Dex:  9    Spells: 9/9 levels left

rFire   + . .      SeeInvis .   a - +2 war axe (vamp)
rCold   . . .      Faith    .   c - +0 buckler
rNeg    + . .      Spirit   .   F - +3 ring mail {rF+}
rPois   ∞          Reflect  .   i - +2 helmet
rElec   +          Harm     .   M - +0 cloak
rCorr   .          Rampage  .   (no gloves)
Will    .....                   (no boots)
Stlth   +.........              (no amulet)
HPRegen 0.20/turn               S - +6 ring of strength
MPRegen 0.13/turn               I - +6 ring of strength

@: no status effects
A: sickness immunity, AC +7, negative energy resistance 1, electricity
resistance, torment resistance 1, petrification resistance
a: Renounce Religion


You were on level 8 of the Dungeon.
You worshipped Qazlal.
Qazlal was aware of your devotion.
You visited 2 branches of the dungeon, and saw 10 of its levels.

You collected 471 gold pieces.

Inventory:

Hand Weapons
 a - a +2 vampiric war axe (weapon)
 b - a +4 battleaxe
 u - a +2 morningstar of protection
Missiles
 t - 14 boomerangs (quivered)
 y - 12 poisoned darts
 z - 4 throwing nets
 N - 3 silver boomerangs
 Q - a curare-tipped dart
Armour
 c - a +0 buckler (worn)
 i - a +2 helmet (worn)
 n - a +0 plate armour
 F - a +3 ring mail of fire resistance (worn)
 M - a +0 cloak (worn)
 O - +0 acid dragon scales
Jewellery
 j - a ring of protection from fire
 k - a ring of flight
 x - an amulet of magic regeneration
 I - a +6 ring of strength (right hand)
 S - a +6 ring of strength (left hand)
Wands
 r - a wand of digging (1)
 H - a wand of charming (13)
 U - a wand of iceblast (8)
Scrolls
 f - a scroll of teleportation
 g - 4 scrolls of fear
 h - a scroll of magic mapping
 q - 2 scrolls of fog
 J - 2 scrolls of identify
 L - a scroll of blinking
 R - a scroll of summoning
Potions
 d - a potion of might
 m - 2 potions of flight
 v - a potion of berserk rage
 w - 5 potions of lignification
 B - a potion of resistance
 C - a potion of cancellation
 E - a potion of haste
 K - a potion of attraction
 T - a potion of curing


   Skills:
 + Level 7.2 Fighting
 + Level 9.8 Axes
 + Level 1.6 Throwing
 + Level 7.5 Armour
 + Level 2.4 Dodging
 + Level 1.5 Stealth
 + Level 6.1 Shields
 * Level 4.0 Invocations


You had 9 spell levels left.
You didn't know any spells.
Your spell library contained the following spells:

 Spells                   Type           Power      Damage    Failure   Level
 Magic Dart               Conj           0%         1d3       56%         1
 Slow                     Hex            0%         N/A       56%         1
 Call Imp                 Summ           0%         N/A       71%         2
 Wereblood                Tmut           0%         N/A       71%         2
 Confusing Touch          Hex            0%         N/A       91%         3
 Mephitic Cloud           Conj/Pois/Air  0%         N/A       91%         3
 Ozocubu's Armour         Ice            0%         N/A       91%         3
 Vampiric Draining        Necr           0%         2d6       91%         3
 Animate Dead             Necr           0%         N/A       100%        4
 Borgnjor's Vile Clutch   Necr/Erth      0%         N/A       100%        5
 Death Channel            Necr           0%         N/A       100%        6
 Ozocubu's Refrigeration  Ice            0%         4d5       100%        7
 Summon Hydra             Summ           0%         N/A       100%        7
 Sublimation of Blood     Necr           Unusable   N/A       N/A         2

Dungeon Overview and Level Annotations

Branches:
Dungeon (9/15)             Temple (1/1) D:7            Lair (0/6) D:8
    Orc: D:9-12

Altars:
Ashenzari
Dithmenos
Elyvilon
Fedhas
Gozag
Hepliaklqana
Kikubaaqudgha
Makhleb
Nemelex Xobeh
Qazlal
Ru
Sif Muna
Trog
Uskayaw
Vehumet
Wu Jian
Xom
Zin
The Shining One


Innate Abilities, Weirdness & Mutations

You are immune to sickness and miasma.
Your stone body is resilient. (AC +7)
You are immune to poison.
You resist negative energy. (rN+)
You are resistant to electric shocks. (rElec)
You are resistant to unholy torment.
You are immune to petrification.


Message History

Throw: 14 boomerangs
Press: ? - help, Q - select action, (/) - cycle Shift-Dir - straight line, f - two-headed ogre
Aim: a two-headed ogre, wielding two +0 giant clubs (moderately wounded, 73% to hit)
You throw a boomerang. The boomerang hits the two-headed ogre!
The two-headed ogre is heavily wounded.
The two-headed ogre hits you with a +0 giant club!
* * * LOW HITPOINT WARNING * * *
You block the two-headed ogre's attack.
There is a stone staircase leading up here.
You climb upwards.
There is a stone staircase leading down here.
You start resting.
HP restored.
Okay, then.
You climb downwards.
You block the two-headed ogre's attack.
The two-headed ogre hits you with a +0 giant club!
There is a stone staircase leading up here.
The two-headed ogre attacks as you move away!
The two-headed ogre barely misses you. You block the two-headed ogre's attack.
The two-headed ogre attacks as you move away!
The two-headed ogre hits you with a +0 giant club!
The two-headed ogre completely misses you.
Aiming: Upheaval
Press: ? - help, Dir - move target, f - two-headed ogre
Aim: a two-headed ogre, wielding two +0 giant clubs Magma suddenly erupts from the ground!
The blast of magma engulfs the two-headed ogre!
The two-headed ogre is moderately wounded.
You can no longer call upon nature to destroy your foes.
You hit the two-headed ogre.
You feel better.
The two-headed ogre is moderately wounded.
The two-headed ogre hits you with a +0 giant club! x2
* * * LOW HITPOINT WARNING * * *
The two-headed ogre attacks as you move away!
The two-headed ogre hits you but does no damage. x2
There is a stone staircase leading up here.
The two-headed ogre hits you with a +0 giant club!
* * * LOW HITPOINT WARNING * * *
The two-headed ogre hits you with a +0 giant club!
You die...

.........##.......###......#
.#†#..............###......#
.#>#..........##...........#
.#†#..........##...........#
.#.#..........##...........#
.#.....#.......#.......#####
.#.#####.....[[..........#
.#.#####.....[.O○☼.......#
.#..............@........#
.#....#................###
.#....#........##......#
##....#........##......#
#......).......#......#
#..............#......#
##.....####'##.#......#
#.....# #.##.########
#.....# #.##.#


You could see a two-headed ogre.

Vanquished Creatures
  Pikel (D:5)
  Maggie (D:8)
  Grinder (D:5)
  Sigmund (D:3)
  2 yaks (D:8)
  A wyvern (D:8)
  Menkaure (D:7)
  A water moccasin (D:4)
  3 black bears
  An ice beast (D:7)
  5 orc warriors
  An ogre (D:7)
  A centaur (D:9)
  3 phantoms
  A kobold brigand (D:8)
  3 necrophages
  2 bullfrogs
  A gnoll sergeant (D:7)
  3 scorpions
  8 wights (D:8)
  4 killer bees
  5 howler monkeys
  5 hounds
  2 jellies
  4 orc priests
  A gnoll shaman (D:7)
  5 iguanas
  6 orc wizards
  11 gnolls
  6 adders
  An ufetubus (D:5)
  3 worms
  3 dart slugs
  30 orcs
  6 ball pythons
  4 bats
  4 endoplasms
  2 giant cockroaches (D:4)
  6 goblins
  5 hobgoblins
  4 jackals (D:5)
  13 kobolds
  2 quokkas
  A frilled lizard (D:3)
  A rat (D:2)
175 creatures vanquished.

Vanquished Creatures (others)
  27 fungi
  15 plants (D:8)
42 creatures vanquished.

Grand Total: 217 creatures vanquished

Notes
Turn   | Place    | Note
-------+----------+-------------------------------------------
     0 | D:1      | jlumianski the Gargoyle Fighter began the quest for the
                  | Orb.
     0 | D:1      | Reached XP level 1. HP: 14/14 MP: 1/1
   673 | D:2      | Reached XP level 2. HP: 10/19 MP: 2/2
  1482 | D:2      | Reached XP level 3. HP: 17/24 MP: 3/3
  1516 | D:2      | Reached skill level 2 in Axes
  2165 | D:4      | Noticed a scorpion
  2180 | D:4      | Killed a scorpion
  2181 | D:4      | Reached XP level 4. HP: 21/29 MP: 4/4
  2187 | D:5      | Entered Level 5 of the Dungeon
  2611 | D:3      | Reached skill level 3 in Axes
  2611 | D:3      | Reached XP level 5. HP: 15/33 MP: 5/5
  2902 | D:5      | Found a blossoming altar of Fedhas.
  2902 | D:5      | Noticed a phantom
  3093 | D:4      | Reached XP level 6. HP: 38/38 MP: 6/6
  3399 | D:4      | Reached skill level 4 in Axes
  3413 | D:4      | Noticed a water moccasin
  3433 | D:4      | Killed a water moccasin
  3765 | D:4      | Noticed a black bear
  3777 | D:4      | Killed a black bear
  3778 | D:4      | Reached XP level 7. HP: 5/44 MP: 7/7
  4301 | D:3      | Noticed Sigmund
  4328 | D:3      | Killed Sigmund
  4329 | D:3      | Reached skill level 5 in Fighting
  4329 | D:3      | Reached skill level 5 in Axes
  5339 | D:5      | Noticed Grinder
  5357 | D:5      | Paralysed by Grinder for 3 turns
  5592 | D:5      | Paralysed by Grinder for 2 turns
  5605 | D:4      | Reached skill level 5 in Armour
  5605 | D:4      | Reached XP level 8. HP: 45/49 MP: 8/8
  5654 | D:4      | Reached skill level 6 in Axes
  5688 | D:5      | Paralysed by Grinder for 5 turns
  5708 | D:5      | Killed Grinder
  5894 | D:4      | Reached skill level 5 in Shields
  6348 | D:5      | Noticed Pikel
  6370 | D:5      | Killed Pikel
  6371 | D:5      | Reached skill level 7 in Axes
  6371 | D:5      | Reached skill level 1 in Throwing
  6371 | D:5      | Reached XP level 9. HP: 42/55 MP: 9/9
  6748 | D:5      | Reached skill level 1 in Dodging
  6798 | D:6      | Identified the +2 dagger of Sharkskin {flame, Str+7}
  7074 | D:6      | Found the +6 shillelagh "Devastator" {shatter}
  7686 | D:7      | Found a staircase to the Ecumenical Temple.
  7698 | D:7      | Noticed Menkaure
  7724 | D:7      | Killed Menkaure
  7725 | D:7      | Reached skill level 8 in Axes
  7732 | Temple   | Entered the Ecumenical Temple
  7930 | Temple   | Became a worshipper of Qazlal Stormbringer
  8426 | D:7      | Reached skill level 1 in Invocations
  8569 | D:7      | Reached skill level 1 in Stealth
  8929 | D:7      | Reached * piety under Qazlal
  9397 | D:8      | Noticed Maggie
  9422 | D:8      | Killed Maggie
  9423 | D:8      | Reached skill level 9 in Axes
  9423 | D:8      | Reached XP level 10. HP: 59/63 MP: 11/11
  9869 | D:8      | Found a staircase to the Lair.
  9879 | D:8      | Reached ** piety under Qazlal
 10369 | D:9      | Noticed a two-headed ogre
 10684 | D:8      | Slain by a two-headed ogre

Illustrated notes

Levels and vault maps discovered:
D:1:      dpeg_arrival_central, layout_basic, minmay_liquid_box
D:2:      layout_rooms, amcnicky_mini_pool_small
D:3:      minmay_spotlight, layout_basic, uniq_sigmund
D:4:      kb_forest_paths, layout_basic, serial_aquarium, aquarium_bridge_square
          [aquarium_subvault_balcony, aquarium_subvault_balcony,
          aquarium_subvault_bridge, aquarium_subvault_bridge],
          aquarium_window_corner, aquarium_window_double, aquarium_view_2b,
          aquarium_balcony_1a
D:5:      layout_basic, mainiacjoe_overflow_six_doors_small,
          hangedman_decor_lopped, uniq_grinder, uniq_pikel
D:6:      layout_cave_pods, small_statue_intersection
D:7:      layout_loops_ring, minmay_temple_entry_mist,
          kennysheep_generic_room_11, uniq_menkaure
D:8:      layout_basic, grunt_lair_entry_orc_guard_hut, uniq_maggie
D:9:      gammafunk_jiyva_shrine, layout_long_grid, minmay_misc_feat_rugged,
          kennysheep_generic_room_15, uniq_grum
Temple:   mainiacjoe_temple_archimedes_tessellation

Skill      XL: |  1  2  3  4  5  6  7  8  9 10 |
---------------+-------------------------------+-----
Axes           | 2 3 4 5 7 9 |  9.8
Armour         | 4 5 6 7 |  7.5
Shields        | 4 5 6 |  6.1
Fighting       | 4 5 6 7 |  7.2
Throwing       | 1 |  1.6
Dodging        | 2 |  2.4
Invocations    | 2 4 |  4.0
Stealth        | 1 |  1.5

Action                   |  1- 3 |  4- 6 |  7- 9 | 10-12 || total
-------------------------+-------+-------+-------+-------++-------
Melee: War axe           |   104 |    92 |   394 |   109 ||   699
Throw: Stone             |       |       |     4 |       ||     4
       Dart              |       |       |     5 |       ||     5
       Boomerang         |       |       |     5 |     7 ||    12
Invok: Upheaval          |       |       |       |     1 ||     1
  Use: Scroll            |       |       |    20 |     2 ||    22
       Potion            |       |       |     7 |       ||     7
Armor: Scale mail        |    35 |       |       |       ||    35
       Plate armour      |    25 |    83 |   179 |       ||   287
       Ring mail         |       |       |    67 |    78 ||   145
Dodge: Dodged            |    42 |    34 |   145 |    90 ||   311
Block: Buckler           |    32 |    20 |    76 |    62 ||   190

Table legend: (Time is in decaauts)
 A = Elapsed time spent in this place.
 B = Non-inter-level travel time spent in this place.
 C = Inter-level travel time spent in this place.
 D = Time resting spent in this place.
 E = Time spent auto-exploring this place.
 F = Levels seen in this place.
 G = Mean time per level.
                   A        B        C        D        E       F      G
               +--------+--------+--------+--------+--------+-----+--------+
         Total |  10865 |  10630 |    235 |   2154 |   5404 |  10 | 1086.5 |
       Dungeon |  10598 |  10363 |    235 |   2154 |   5256 |   9 | 1177.6 |
        Temple |    266 |    266 |      0 |      0 |    148 |   1 |  266.0 |
               +--------+--------+--------+--------+--------+-----+--------+

Top non-repeatable levels by time:
     D:4: 1980 daAuts
     D:7: 1558 daAuts
     D:1: 1409 daAuts
     D:3: 1359 daAuts
     D:5: 1259 daAuts
     D:8: 1138 daAuts
     D:6: 942 daAuts
     D:2: 848 daAuts
  Temple: 266 daAuts
     D:9: 101 daAuts
